 Dungeon Crawl Stone Soup version 0.28.0-45-g0d030f2227 (webtiles) character file.

Game seed: 302290024897924105

116173 CryoSword the Summoner (level 16, -37/129 HPs)
             Began as a Demonspawn Summoner on Apr 21, 2022.
             Was the Champion of Dithmenos.
             Killed from afar by Aizul (38 damage)
             ... with a bolt of poison
             ... on level 1 of the Spider Nest.
             The game lasted 01:12:54 (30107 turns).

CryoSword the Summoner (Demonspawn Summoner)       Turns: 30107, Time: 01:12:55

Health: -37/129    AC: 18    Str: 11    XL:     16   Next: 20%
Magic:  20/23      EV: 15    Int: 20    God:    Dithmenos [******]
Gold:   2752       SH: 12    Dex: 22    Spells: 9/25 levels left

rFire   . . .      SeeInvis .   w - +1 rapier (elec)
rCold   . . .      Faith    .   V - +0 kite shield
rNeg    . . .      Spirit   .   K - +1 troll leather armour
rPois   .          Reflect  .   h - +1 helmet
rElec   +          Harm     .   I - +1 cloak
rCorr   .          Rampage  .   v - +1 pair of gloves
Will    +....                   W - +0 pair of boots
Stlth   ++++++++..              O - amulet of magic regeneration
HPRegen 1.11/turn               S - +6 ring of dexterity
MPRegen 0.58/turn               j - +4 ring of slaying

@: lethally poisoned (-37 -> -49), wreathed by umbra, studying Polearms
A: hooves 2, thin metallic scales 3, demonic guardian 1, demonic magic 2
a: Renounce Religion, Shadow Step, Shadow Form


You were on level 1 of the Spider Nest.
You worshipped Dithmenos.
Dithmenos was exalted by your worship.
You visited 5 branches of the dungeon, and saw 25 of its levels.
You also visited: Bailey and Volcano.

You collected 3819 gold pieces.
You spent 1067 gold pieces at shops.

Inventory:

Hand Weapons
 w - a +1 rapier of electrocution (weapon)
   (You took it off Eustachio on level 5 of the Dungeon)
 z - a +2 dagger of flaming
   (You bought it in a shop on level 2 of the Orcish Mines)
Missiles
 o - 4 silver boomerangs
 C - 5 curare-tipped darts (quivered)
 U - 2 boomerangs of dispersal {!f}
Armour
 h - a +1 helmet (worn)
   (You found it on level 8 of the Dungeon)
 v - a +1 pair of gloves (worn)
   (You found it on level 5 of the Dungeon)
 I - a +1 cloak (worn)
   (You found it on level 10 of the Dungeon)
 K - a +1 troll leather armour (worn)
   (You found it on level 10 of the Dungeon)
 V - a +0 kite shield (worn)
   (You found it on level 13 of the Dungeon)
 W - a +0 pair of boots (worn)
   (You found it on level 1 of the Lair of Beasts)
Jewellery
 b - a ring of protection from fire
   (You found it on level 1 of the Dungeon)
 j - a +4 ring of slaying (right hand)
   (You found it on level 3 of the Dungeon)
 l - a ring of willpower
   (You found it on level 3 of the Dungeon)
 u - a ring of resist corrosion
   (You found it on level 5 of the Dungeon)
 y - a ring of see invisible
   (You found it on level 4 of the Lair of Beasts)
 O - an amulet of magic regeneration (around neck)
   (You found it on level 11 of the Dungeon)
 P - a ring of protection from cold
   (You found it on level 11 of the Dungeon)
 S - a +6 ring of dexterity (left hand)
   (You found it on level 3 of the Lair of Beasts)
 X - a ring of protection from cold
   (You found it on level 3 of the Lair of Beasts)
Wands
 A - a wand of digging (13)
   (You took it off an orc on level 6 of the Dungeon)
 N - a wand of flame (31)
   (You found it on level 11 of the Dungeon)
 Q - a wand of iceblast (1)
   (You found it on level 11 of the Dungeon)
 Y - a wand of acid (7)
   (You found it on level 13 of the Dungeon)
Scrolls
 i - 12 scrolls of teleportation {@r4}
 r - 2 scrolls of brand weapon
 t - 2 scrolls of fog {unknown}
 B - 3 scrolls of immolation {!r}
 H - 4 scrolls of fear
 L - 3 scrolls of magic mapping
 R - a scroll of vulnerability {unknown}
Potions
 c - 2 potions of resistance
 e - 2 potions of might
 f - 5 potions of curing {@q1}
 k - 5 potions of brilliance
 m - 2 potions of berserk rage
 n - 3 potions of mutation {!q}
 p - a potion of magic {unknown}
 q - 12 potions of haste {@q3}
 x - 2 potions of ambrosia
 D - 3 potions of flight
 E - a potion of lignification {!q}
 F - a potion of cancellation
 T - a potion of invisibility
Miscellaneous
 g - a phantom mirror (inert)
   (You found it on level 5 of the Lair of Beasts)


   Skills:
 * Level 12.9 Fighting
 * Level 11.7 Short Blades
 - Level 2.0 Polearms
 + Level 6.3 Armour
 + Level 6.9 Dodging
 + Level 9.4 Stealth
 * Level 7.6 Shields
 - Level 5.0 Spellcasting
 + Level 4.4 Hexes
 * Level 13.6 Summonings
 + Level 3.7 Translocations
 + Level 4.6 Air Magic
 + Level 10.2 Invocations


You had 9 spell levels left.
You knew the following spells:

 Your Spells              Type           Power      Damage    Failure   Level
a - Summon Small Mammal   Summ           100%       N/A       1%          1
b - Call Imp              Summ           56%        N/A       1%          2
c - Call Canine Familiar  Summ           56%        N/A       1%          3
d - Summon Guardian Gole  Hex/Summ       41%        N/A       2%          3
e - Summon Lightning Spi  Summ/Air       41%        N/A       9%          4
A - Apportation           Tloc           38%        N/A       9%          1
B - Blink                 Tloc           38%        N/A       12%         2

Your spell library contained the following spells:

 Spells                   Type           Power      Damage    Failure   Level
 Shock                    Conj/Air       56%        1d6       14%         1
 Swiftness                Air            23%        N/A       17%         3
 Corpse Rot               Necr/Air       28%        N/A       22%         2
 Ensorcelled Hibernation  Hex/Ice        26%        N/A       22%         2
 Poisonous Vapours        Pois/Air       28%        N/A       22%         2
 Summon Cactus Giant      Summ           28%        N/A       22%         6
 Lesser Beckoning         Tloc           19%        N/A       24%         3
 Summon Mana Viper        Hex/Summ       41%        N/A       26%         5
 Summon Forest            Summ/Tloc      19%        N/A       28%         5
 Animate Skeleton         Necr           10%        N/A       36%         1
 Beastly Appendage        Tmut           10%        N/A       36%         1
 Sting                    Tmut/Pois      20%        1d4       36%         1
 Passwall                 Tmut/Erth      4%         N/A       50%         2
 Scorch                   Fire           10%        2d5       50%         2
 Wereblood                Tmut           5%         N/A       50%         2
 Airstrike                Air            11%        N/A       50%         4
 Spider Form              Tmut/Pois      5%         N/A       73%         3
 Manifold Assault         Tloc           19%        N/A       92%         5
 Dispel Undead            Necr           5%         3d7       98%         4
 Flame Wave               Conj/Fire      5%         2d5       98%         4
 Olgreb's Toxic Radiance  Pois           5%         N/A       98%         4
 Lightning Bolt           Conj/Air       7%         1d19      99%         5
 Death Channel            Necr           2%         N/A       100%        6
 Malign Gateway           Summ/Tloc      19%        N/A       100%        7
 Ozocubu's Refrigeration  Ice            2%         4d5       100%        7
 Ignition                 Fire           2%         3d3       100%        8
 Summon Horrible Things   Summ           28%        N/A       100%        8


Dungeon Overview and Level Annotations

Branches:
Dungeon (15/15)            Temple (1/1) D:7            Lair (6/6) D:11
 Shoals (0/4) Lair:2       Spider (1/4) Lair:4        Slime (0/5) Lair:5
    Orc (2/2) D:12            Elf (0/3) Orc:2        Vaults (0/5) D:13
 Depths (0/4) D:15         Bailey (visited)         Volcano (visited)

Altars:
Ashenzari
Cheibriados
Dithmenos
Elyvilon
Fedhas
Gozag
Hepliaklqana
Kikubaaqudgha
Makhleb
Nemelex Xobeh
Okawaru
Qazlal
Ru
Sif Muna
Trog
Uskayaw
Vehumet
Wu Jian
Xom
Yredelemnul
Zin
The Shining One
Jiyva

Shops:
D:3 *   Orc:1 (   Orc:2 (:*(

Annotations:
Lair:2 2 transporters, Deadscale's ghost, journeyman MiBe
Spider:1 Aizul


Innate Abilities, Weirdness & Mutations

You have hoof-like feet.
You are completely covered in thin metallic scales. (AC +4, rElec)
A weak demonic guardian rushes to your aid.
Spells you cast may paralyse nearby enemies.


Message History

You reflect Aizul with the mirror!
The mirror clouds!
Aizul coils herself and waves her upper body at you.
The bolt of poison hits you!!
You are poisoned.
* * * LOW HITPOINT WARNING * * *
A demonic guardian appears!
Aizul barely misses Aizul.
Your warg barely misses Aizul.
Aizul casts a spell at you. The bolt of poison hits you!
You are lethally poisoned!
* * * LOW HITPOINT WARNING * * *
You emit a cloud of dark smoke.
Aizul coils herself and waves her upper body at Aizul.
The bolt of poison hits Aizul!
Your rust devil misses Aizul.
Unknown command.
Unknown command.
You feel better.
Your warg misses Aizul. Aizul hits you!
* * * LOW HITPOINT WARNING * * *
Aizul misses Aizul.
Your rust devil misses Aizul.
Blink to where?
As you read the scroll of blinking, it crumbles to dust.
Blink to where?
You can't see that place. [the floor.]
Okay, then.
Blink to where?
As you read the scroll of blinking, it crumbles to dust.
Okay, then.
A guardian golem appears, shielding your allies.
Malevolent energies surge around you.
An electric hum fills the air.
Malevolent energies surge around you.
You swap places.
You start resting.
Your guardian golem disappears in a puff of smoke!
You swap places.
Okay, then.
Search for what [? for help]? rpois Unknown command.
Okay, then.
Okay, then.
Unknown command.
Autopickup disabled for rings of dexterity.
You drop a +6 ring of dexterity.
Aizul is nearby!
Aizul is nearby!
Aizul is nearby!
Aizul casts a spell at you.
You barely resist. Aizul casts a spell at you. The poison arrow hits you!
You are poisoned.
You feel very sick.
You feel very sick.
You feel very sick.
You feel sick.
Your warg bites Aizul!
Malevolent energies surge around you.
You feel sick.
Aizul coils herself and waves her upper body at you.
The bolt of poison hits your warg! The bolt of poison hits you!!
You are more poisoned.
You emit a cloud of dark smoke.
Aizul casts a spell at you. The poison arrow hits your warg!
Your warg partially resists.
Your warg is poisoned.
Your warg bites Aizul.
You feel extremely sick. Something hits your warg.
You feel very sick.
Your warg dies!
Your warg's corpse disappears in a puff of smoke!
Malevolent energies surge around you.
You feel very sick.
Aizul coils herself and waves her upper body at you.
The poison arrow hits you!
You are more poisoned.
* * * LOW HITPOINT WARNING * * *
You swap places.
You feel extremely sick.
You feel better. Something hits your wolf!
Aizul coils herself and waves her upper body at you.
Your wolf falls asleep!
Okay, then.
Here: Aizul (lightly wounded, umbra)
The floor.
A guardian golem appears, shielding your allies.
Malevolent energies surge around you.
An electric hum fills the air.
Malevolent energies surge around you.
You hit Aizul.
Your shadow barely misses Aizul.
You block Aizul's attack.
A beastly little devil appears in a puff of flame.
Malevolent energies surge around you. Aizul hits you!
* * * LOW HITPOINT WARNING * * *
Aizul closely misses you.
You miss Aizul. Aizul casts a spell at you. The bolt of poison hits you!!
You are poisoned.
* * * LOW HITPOINT WARNING * * *
A demonic guardian appears!
You emit a cloud of dark smoke.
The bolt of poison hits your lightning spire.
Your lightning spire completely resists.
You feel better. You block Aizul's attack.
You swap places.
Aizul closely misses your crimson imp.
Okay, then.
Unknown command.
Aim: Aizul (black smoke, lightly wounded, ally target, umbra)
Okay, then.
Unknown command.
Throw: throwing net
Aim: Aizul (black smoke, lightly wounded, ally target, umbra, 52% to hit)
Really fire in your crimson imp's direction?
Okay, then.
Unknown command.
Throw: throwing net
Aim: Aizul (black smoke, lightly wounded, ally target, umbra, 52% to hit)
You throw a throwing net. The throwing net misses Aizul.
Aizul hits you.
* * * LOW HITPOINT WARNING * * *
Your crimson imp misses Aizul.
You block Aizul's attack.
Unknown command.
Unknown command.
Unknown command.
Unknown command.
You feel much better.
Your crimson imp barely misses Aizul.
Aizul casts a spell at you. The bolt of poison hits you!!
You are poisoned.
* * * LOW HITPOINT WARNING * * *
Your lightning spire shoots out a bolt of lightning at Aizul!
The bolt of electricity hits Aizul! x2
Unknown command.
Unknown command.
Okay, then.
You hit Aizul but do no damage.
You feel very sick.
Aizul coils herself and waves her upper body at you.
The bolt of poison hits you!!
You are more poisoned.
* * * LOW HITPOINT WARNING * * *
Your crimson imp misses Aizul.
Unknown command.
Unknown command.
Unknown command.
You feel better. Aizul hits you!
* * * LOW HITPOINT WARNING * * *
Your crimson imp blinks!
Your lightning spire shoots out a bolt of lightning at Aizul!
The bolt of electricity hits Aizul!
The bolt of electricity misses Aizul.
Aizul coils herself and waves her upper body at you.
The bolt of poison hits you!!!
You are lethally poisoned!
You die...

#...## ##(...###..^.#..#..##
.....###..#...###<#....#..###
###^...##...#...####...#....#
. ..#..###.#....##....##..##
.. #...##.#####...####..##..#
####...##...#....###.......##
...^.###....#.....##.##....#
5#.....##.#....#h#.#....#.##
#..##..#..##..##@#.#....####
#..#....##...#§S§8...#####.##
#..##..?#.#...59#.......##..#
##..#..###...###4..#...##...#
....#### ###....####.#....###
###..## #........#..#..^^#
..#...## #..#.#..##.^#..###
..#..#.#.#...###.)##..####
#.#......#..###.#.5#...#


You could see Aizul (ally target), a friendly guardian golem (summoned), a
friendly wolf (summoned, sheltered), a friendly lightning spire (summoned,
sheltered) and a friendly crimson imp (summoned, sheltered).

Vanquished Creatures
  Agnes (Spider:1)
  Josephine (Lair:6)
  6 boulder beetles
  A vault guard (D:13)
  9 hydras
  Erolcha (D:13)
  An ice dragon (D:13)
  2 catoblepae
  6 two-headed ogres
  5 centaur warriors
  A death yak (Lair:5)
  3 tengu warriors
  An orc high priest (Orc:2)
  A fire crab (Volcano)
  A pharaoh ant (Spider:1)
  2 orb spiders
  A steelbarb worm (Spider:1)
  A lindwurm (Volcano)
  7 orc knights
  2 necromancers (D:15)
  A harpy (shapeshifter) (D:14)
  4 orc sorcerers
  A deep elf pyromancer (D:15)
  3 wolf spiders (Spider:1)
  9 ugly things
  A wolf spider zombie (D:12)
  2 manticores
  2 cyclopes
  17 elephants
  2 torpor snails
  4 black mambas
  15 cane toads
  An unseen horror (D:13)
  2 gargoyles
  4 kobold demonologists
  3 rime drakes
  A demonic crawler (Spider:1)
  2 tengu conjurers
  11 komodo dragons
  3 polar bears
  4 meliai
  2 tyrant leeches (Lair:6)
  4 trolls
  A queen bee (shapeshifter) (D:13)
  2 hornets
  2 tarantellas (Spider:1)
  17 blink frogs
  8 slime creatures
  8 dream sheep
  5 culicivoras (Spider:1)
  7 jumping spiders (Spider:1)
  3 shadows
  A wraith (Lair:6)
  22 yaks
  4 fire bats (Volcano)
  2 basilisks
  Eustachio (D:5)
  Menkaure (D:7)
  2 steam dragons
  11 redbacks (Spider:1)
  9 wargs
  8 vampire mosquitoes
  Duvessa (D:7)
  13 water moccasins
  A hell hound (Volcano)
  9 orc warriors
  A sky beast (D:5)
  7 centaurs
  17 wolves
  16 bullfrogs
  6 kobold brigands
  2 scorpions (D:5)
  A gnoll sergeant (D:8)
  A water moccasin zombie (D:6)
  3 killer bees (D:7)
  6 howler monkeys
  3 wights (D:8)
  3 electric eels
  5 centaur zombies
  3 hounds
  A jelly (D:7)
  9 orc priests
  A centaur skeleton (D:6)
  3 iguanas (D:5)
  Natasha (D:2)
  15 orc wizards
  4 gnolls (D:8)
  A howler monkey skeleton (D:7)
  2 adders (D:5)
  An adder skeleton (D:4)
  A worm (D:2)
  A dart slug (D:1)
  40 orcs
  6 endoplasms
  A giant cockroach (D:1)
  5 goblins
  2 hobgoblins
  2 jackals (D:3)
  4 ball pythons
  2 bats
  A frilled lizard (D:2)
  12 kobolds
  A rat (D:1)
479 creatures vanquished.

Vanquished Creatures (collateral kills)
  An ettin (D:15)
  A fire dragon (D:13)
  A hydra (Lair:4)
  A catoblepas (D:15)
  A two-headed ogre (D:12)
  An orc high priest (Orc:2)
  3 skeletal warriors (D:14)
  2 goliath frogs (Lair:6)
  A deep troll (D:15)
  An orb spider (Spider:1)
  Pikel (D:7)
  An orc knight (D:15)
  3 ugly things
  7 elephants
  2 black mambas
  6 cane toads
  A freezing wraith (D:14)
  An unseen horror (D:7)
  3 komodo dragons
  A troll (D:10)
  3 slime creatures
  Prince Ribbit (D:5)
  3 blink frogs
  3 dream sheep (Lair:6)
  A jumping spider (Spider:1)
  2 wraiths (Lair:6)
  3 basilisks
  4 yaks
  2 fire bats (Volcano)
  A vampire mosquito (Lair:6)
  3 wargs
  3 redbacks (Spider:1)
  5 water moccasins
  A sky beast (D:6)
  5 orc warriors
  4 wolves
  An ogre (D:7)
  A centaur (D:14)
  5 kobold brigands (Bailey)
  4 bullfrogs
  A scorpion (D:7)
  Dowan (D:7)
  A killer bee (D:7)
  A hound (D:4)
  A jelly (D:7)
  4 orc priests
  7 orc wizards
  Natasha (D:2)
  A killer bee zombie (D:9)
  5 adders
  A gnoll (D:8)
  A shadow imp (D:6)
  2 worms (D:3)
  A dart slug (D:1)
  18 orcs
  3 ball pythons
  3 goblins (D:2)
  6 hobgoblins
  2 jackals (D:3)
  2 quokkas
  3 bats (D:1)
  2 frilled lizards
  16 kobolds
  A rat (D:1)
178 creatures vanquished.

Vanquished Creatures (others)
  A centaur warrior (D:14)
  A tengu warrior (D:13)
  A death yak (Lair:5)
  An orc high priest (Orc:2)
  2 skeletal warriors (D:14)
  An orb spider (Spider:1)
  A wizard (D:14)
  An orc knight (Orc:2)
  A slime creature (D:13)
  3 elephants (Lair:6)
  A komodo dragon (Lair:6)
  An unseen horror (D:12)
  2 meliai (D:14)
  A tarantella (Spider:1)
  3 blink frogs (Lair:6)
  2 culicivoras (Spider:1)
  A jumping spider (Spider:1)
  A wraith (D:10)
  A yak (Lair:6)
  2 orc warriors (Orc:2)
  A centaur (D:10)
  2 bullfrogs (Lair:6)
  An orc (Orc:2)
  59 fungi
  123 plants
214 creatures vanquished.

Grand Total: 871 creatures vanquished

Notes
Turn   | Place    | Note
-------+----------+-------------------------------------------
     0 | D:1      | CryoSword the Demonspawn Summoner began the quest for the
                  | Orb.
     0 | D:1      | Reached XP level 1. HP: 13/13 MP: 3/3
   659 | D:1      | Gained mutation: You have large cloven feet. [demonic
                  | ancestry]
   659 | D:1      | Reached XP level 2. HP: 5/20 MP: 1/5
  1592 | D:1      | Learned a level 2 spell: Call Imp
  1611 | D:2      | Found a faded altar of an unknown god.
  1700 | D:2      | Reached skill level 1 in Fighting
  1700 | D:2      | Reached skill level 1 in Polearms
  1700 | D:2      | Gained mutation: A weak demonic guardian rushes to your
                  | aid. [demonic ancestry]
  1700 | D:2      | Reached XP level 3. HP: 11/26 MP: 1/6
  2470 | D:2      | Noticed Natasha
  2485 | D:2      | Killed Natasha
  2486 | D:2      | Reached XP level 4. HP: 24/32 MP: 3/7
  3706 | D:3      | Found Zulup's General Store.
  4640 | D:4      | Gained mutation: Spells you cast may paralyse adjacent
                  | enemies. [demonic ancestry]
  4640 | D:4      | Reached XP level 5. HP: 27/38 MP: 2/8
  4786 | D:1      | Learned a level 3 spell: Call Canine Familiar
  4837 | D:2      | Noticed Natasha
  4846 | D:2      | Killed Natasha
  5319 | D:5      | Entered Level 5 of the Dungeon
  5332 | D:5      | Reached skill level 1 in Short Blades
  5332 | D:5      | Reached skill level 5 in Summonings
  5420 | D:5      | Reached XP level 6. HP: 38/46 MP: 5/10
  5506 | D:5      | Noticed an orc warrior
  6040 | D:5      | Noticed a sky beast
  6051 | D:5      | Killed a sky beast
  6192 | D:5      | Found a burning altar of Makhleb.
  6326 | D:5      | Identified the +1 spear of Indignation {drain, Int+4 Dex-2
                  | SInv}
  6419 | D:5      | Killed an orc warrior
  6420 | D:5      | Gained mutation: You are partially covered in thin metallic
                  | scales. (AC +2) [demonic ancestry]
  6420 | D:5      | Reached XP level 7. HP: 52/52 MP: 7/11
  6492 | D:5      | Noticed Eustachio
  6683 | D:5      | Killed Eustachio
  6822 | D:5      | Reached skill level 6 in Summonings
  7089 | D:5      | Noticed Prince Ribbit
  7106 | D:5      | Killed Prince Ribbit
  7107 | D:5      | Gained mutation: Spells you cast may paralyse nearby
                  | enemies. [demonic ancestry]
  7107 | D:5      | Reached XP level 8. HP: 58/61 MP: 6/12
  7578 | D:6      | Found an ancient bone altar of Kikubaaqudgha.
  7720 | D:6      | Found a broken altar of Ashenzari.
  7842 | D:6      | Reached skill level 5 in Fighting
  8183 | D:6      | Reached skill level 7 in Summonings
  8464 | D:7      | Noticed Pikel
  8676 | D:7      | Noticed Duvessa
  8676 | D:7      | Noticed Dowan
  8676 | D:7      | Noticed Menkaure
  8679 | D:7      | Killed Menkaure
  8689 | D:7      | Killed Duvessa
  8690 | D:7      | Reached XP level 9. HP: 46/69 MP: 6/13
  8692 | D:7      | Killed Dowan
  8708 | D:7      | Reached skill level 5 in Short Blades
  8808 | D:7      | Killed Pikel
  8809 | D:7      | Reached skill level 8 in Summonings
  9069 | D:7      | Identified the +4 spear of Yredelemnul's Envy {venom, rF+}
  9399 | D:7      | Reached skill level 5 in Stealth
 10298 | D:7      | Found an ornate altar of the Wu Jian Council.
 10315 | D:7      | Found a staircase to the Ecumenical Temple.
 10322 | Temple   | Entered the Ecumenical Temple
 10615 | D:7      | Killed an unseen horror
 10753 | D:7      | Found a hide-covered altar of Uskayaw.
 10810 | D:7      | Found a shadowy altar of Dithmenos.
 10813 | D:7      | Found an iron altar of Okawaru.
 11844 | D:8      | Reached XP level 10. HP: 61/79 MP: 5/14
 12082 | D:8      | Found a sacrificial altar of Ru.
 12198 | D:7      | Found an opulent altar of Gozag.
 12206 | D:7      | Became a worshipper of Dithmenos the Shadowed
 12382 | D:9      | Reached skill level 9 in Summonings
 12385 | D:9      | Noticed a two-headed ogre
 12421 | D:8      | Killed a two-headed ogre
 12576 | D:8      | Learned a level 3 spell: Summon Guardian Golem
 12578 | D:8      | Learned a level 1 spell: Apportation
 12583 | D:8      | Learned a level 4 spell: Summon Lightning Spire
 12991 | D:9      | Reached skill level 1 in Hexes
 12991 | D:9      | Reached skill level 1 in Air Magic
 13071 | D:9      | Reached skill level 1 in Armour
 13290 | D:10     | Entered Level 10 of the Dungeon
 13562 | D:10     | Reached * piety under Dithmenos
 13604 | D:10     | Found a flagged portal.
 13685 | Bailey   | Entered a bailey
 13850 | Bailey   | Gained mutation: You are mostly covered in thin metallic
                  | scales. (AC +3) [demonic ancestry]
 13850 | Bailey   | Reached XP level 11. HP: 61/87 MP: 6/16
 13933 | Bailey   | Found an iron altar of Okawaru.
 14762 | D:10     | Found a shimmering altar of Xom.
 15130 | D:11     | Noticed a two-headed ogre
 15136 | D:11     | Killed a two-headed ogre
 15136 | D:11     | Reached ** piety under Dithmenos
 15139 | D:11     | Reached skill level 1 in Shields
 15139 | D:11     | Reached skill level 10 in Summonings
 15237 | D:11     | Noticed a two-headed ogre
 15244 | D:11     | Killed a two-headed ogre
 15332 | D:11     | Noticed a white ugly thing
 15480 | D:11     | Found a staircase to the Lair.
 15486 | D:11     | Killed a white ugly thing
 15496 | D:11     | Reached skill level 1 in Invocations
 15766 | D:12     | Noticed a four-headed hydra
 15773 | D:12     | Killed a four-headed hydra
 15786 | D:12     | Found a staircase to the Orcish Mines.
 15786 | D:12     | Noticed a two-headed ogre
 15804 | D:12     | Killed a two-headed ogre
 16088 | D:12     | Found a basalt altar of Yredelemnul.
 16213 | D:12     | Noticed a boulder beetle
 16222 | D:12     | Killed a boulder beetle
 16223 | D:12     | Reached XP level 12. HP: 52/96 MP: 16/18
 16424 | Lair:1   | Entered Level 1 of the Lair of Beasts
 16938 | Lair:1   | Reached *** piety under Dithmenos
 17527 | Lair:2   | Noticed Deadscale's ghost (journeyman MiBe)
 17528 | Lair:2   | Found a transporter.
 17530 | Lair:2   | Noticed a four-headed hydra
 17567 | Lair:2   | Noticed a six-headed hydra
 17640 | Lair:2   | Found a staircase to the Shoals.
 17837 | Lair:2   | Found a transporter.
 18105 | Lair:2   | Found an iron altar of Okawaru.
 18590 | Lair:3   | Noticed a seven-headed hydra
 18592 | Lair:3   | Killed a seven-headed hydra
 18602 | Lair:3   | Reached skill level 10 in Fighting
 18602 | Lair:3   | Reached skill level 11 in Summonings
 18853 | Lair:3   | Reached skill level 5 in Spellcasting
 18860 | Lair:3   | Reached **** piety under Dithmenos
 19016 | Lair:3   | Gained mutation: You have hoof-like feet. [demonic
                  | ancestry]
 19016 | Lair:3   | Reached XP level 13. HP: 103/103 MP: 20/20
 20034 | Lair:4   | Reached skill level 5 in Invocations
 20325 | Lair:4   | Identified the +3 ring mail of Ugyu {rF+ MP-9 Slay+3}
 20386 | Lair:4   | Found a hole to the Spider Nest.
 20554 | Lair:4   | Reached skill level 5 in Dodging
 20554 | Lair:4   | Reached skill level 5 in Shields
 21143 | Lair:5   | Found a staircase to the Slime Pits.
 21144 | Lair:5   | Found a viscous altar of Jiyva.
 21158 | Lair:5   | Found a dark tunnel.
 21177 | Lair:5   | Reached skill level 10 in Short Blades
 21189 | Volcano  | Entered a volcano
 21281 | Volcano  | Reached skill level 12 in Summonings
 21440 | Lair:5   | Reached ***** piety under Dithmenos
 21599 | Lair:5   | Found an ornate altar of the Wu Jian Council.
 21599 | Lair:5   | Found a hide-covered altar of Uskayaw.
 21722 | Lair:5   | Reached XP level 14. HP: 108/113 MP: 16/21
 22210 | Lair:6   | Entered Level 6 of the Lair of Beasts
 22266 | Lair:6   | Reached skill level 5 in Armour
 22395 | Lair:6   | Noticed Josephine
 22408 | Lair:6   | Killed Josephine
 22409 | Lair:6   | Reached skill level 1 in Translocations
 23787 | Orc:1    | Entered Level 1 of the Orcish Mines
 23819 | Orc:2    | Entered Level 2 of the Orcish Mines
 24385 | Orc:2    | Found Gewyivva's General Store.
 24385 | Orc:2    | Found Luhoj's Weapon Shoppe.
 24402 | Orc:2    | Found Kuetag's Antique Weapon Shop.
 24402 | Orc:2    | Found Iqutril's Book Shoppe.
 24701 | Orc:2    | Found a staircase to the Elven Halls.
 24953 | Orc:1    | Reached ****** piety under Dithmenos
 25118 | Orc:1    | Found Amiat's Antique Weapon Emporium.
 25173 | Orc:1    | Found a burning altar of Makhleb.
 25545 | D:13     | Gained mutation: You are completely covered in thin
                  | metallic scales. (AC +4, rElec) [demonic ancestry]
 25545 | D:13     | Reached XP level 15. HP: 108/120 MP: 17/22
 25562 | D:13     | Noticed Erolcha
 25569 | D:13     | Killed Erolcha
 25887 | D:13     | Reached skill level 13 in Summonings
 26407 | D:13     | Found a gate to the Vaults.
 27635 | D:15     | Entered Level 15 of the Dungeon
 27831 | D:15     | Found a staircase to the Depths.
 28510 | D:15     | Identified the +1 scale mail of Dewekh {Str+3}
 28903 | D:15     | Reached skill level 10 in Invocations
 29033 | Orc:2    | Bought a scroll of fear for 45 gold pieces
 29033 | Orc:2    | Bought a potion of mutation for 104 gold pieces
 29035 | Orc:2    | Bought a glowing dagger for 170 gold pieces
 29039 | Orc:2    | Bought a Grand Grimoire for 544 gold pieces
 29088 | Orc:1    | Bought an ichor-stained trident for 204 gold pieces
 29088 | Orc:1    | Identified the +1 trident of Bloodstone {holy, rPois} (You
                  | bought it in a shop on level 1 of the Orcish Mines)
 29093 | Orc:1    | Learned a level 2 spell: Blink
 29265 | Spider:1 | Entered Level 1 of the Spider Nest
 29332 | Spider:1 | Reached XP level 16. HP: 129/129 MP: 20/23
 29856 | Spider:1 | Noticed Agnes
 29861 | Spider:1 | Killed Agnes
 29890 | Spider:1 | Noticed Aizul
 29897 | Spider:1 | HP: 4/129 [Aizul/poison arrow (33)]
 29902 | Spider:1 | HP: 1/129 [Aizul (13)]
 30106 | Spider:1 | HP: 1/129 [Aizul/bolt of poison (24)]
 30107 | Spider:1 | Killed from afar by Aizul

Illustrated notes

Levels and vault maps discovered:
D:1:      dpeg_arrival_pits, layout_basic, nicolae_figureground_sparkle
D:2:      layout_loops_corners, nicolae_ecumenical_oubliette,
          minmay_tetromino_o4, uniq_natasha
D:3:      layout_loops_cross, serial_shops, shop
D:4:      layout_loops_ring, kennysheep_boxes
D:5:      layout_gridville, makhleb_blood_cavern_becter, uniq_prince_ribbit1,
          uniq_eustachio
D:6:      layout_basic, mainiacjoe_overflow_boulevard,
          mainiacjoe_overflow_tiny_flanked, serial_aquarium,
          aquarium_bridge_long_joined [aquarium_subvault_balcony,
          aquarium_subvault_bridge, aquarium_subvault_window,
          aquarium_subvault_balcony, aquarium_subvault_bridge,
          aquarium_subvault_window], aquarium_bridge_square
          [aquarium_subvault_bridge, aquarium_subvault_bridge,
          aquarium_subvault_bridge, aquarium_subvault_window],
          aquarium_window_2, aquarium_window_fake, aquarium_view_2e,
          aquarium_view_2d, aquarium_balcony_5b, st_stairs_9
D:7:      layout_rooms, nicolae_overflow_hidden_temple,
          minmay_temple_entry_mist, serial_bayou_pond_c, minmay_crystal_water,
          minmay_misc_feat_rugged, uniq_pikel, uniq_duvessa, uniq_menkaure
D:8:      layout_loops_ring, mainiacjoe_overflow_six_doors_small,
          kennysheep_small_spiral, chequers_serial_rivers_micro_e
D:9:      layout_cave_pools
D:10:     layout_layer_cave, mainiacjoe_overflow_chevrons, enter_bailey_4
D:11:     layout_basic, erik_lair_orcish_takeover
D:12:     layout_basic, minmay_orc_entry_guard_dogs,
          lemuel_zombie_altar_yredelemnul
D:13:     layout_cave_pools, david_vaults_4, minmay_starry_boxes, uniq_erolcha
D:14:     layout_small_grid, minmay_stone_trees_medium
D:15:     hangedman_depths_entry_civil_slaughter, layout_loops_ring,
          nicolae_tso_swordbearing_angel, nooodl_orcs_dogs
Temple:   hc_temple_tempest_star
Lair:1:   layout_concentric_octagons
Lair:2:   layout_loops_ring, shoals_dummy_entry, basic_altar,
          gammafunk_ghost_arena
Lair:3:   layout_chaotic_city, beast_lair_carwin_5, infiniplex_staircase_pool_2
Lair:4:   layout_regular_city, nicolae_spider_entry_orb_guardian, minivault_26,
          grunt_megastairs_2
Lair:5:   layout_regular_city, slime_altar_1, nicolae_volcano_entry_two_sided,
          wad_woods_road_01, nzn_masters_of_martial_movement, grunt_megastairs_3
Lair:6:   minmay_lair_end_frog_pond, layout_loops_ring, serial_bayou_shore_b,
          uniq_josephine
Spider:1: layout_spider_delve, uniq_agnes, uniq_aizul
Orc:1:    layout_diamond_mine, serial_shops, nicolae_square_shop, basic_altar
Orc:2:    grunt_orc_tribal_feast, layout_diamond_mine

Skill      XL: |  1  2  3  4  5  6  7  8  9 10 11 12 13 14 15 |
---------------+----------------------------------------------+-----
Stealth        | 2 3 4 5 6 7 8 9 |  9.4
Dodging        | 2 3 4 5 6 |  6.9
Fighting       | 1 2 3 4 5 7 8 9 10 11 12 | 12.9
Polearms       | 1 2 |  2.0
Short Blades   | 1 2 3 4 6 7 8 9 10 11 | 11.7
Summonings     | 5 6 7 8 9 10 11 12 13 | 13.6
Spellcasting   | 3 4 5 |  5.0
Hexes          | 1 2 3 4 |  4.4
Air Magic      | 1 3 4 |  4.6
Armour         | 1 2 3 4 5 6 |  6.3
Shields        | 2 4 5 6 7 |  7.6
Invocations    | 2 4 6 8 10 | 10.2
Translocations | 2 3 |  3.7

Action                   |  1- 3 |  4- 6 |  7- 9 | 10-12 | 13-15 | 16-18 || total
-------------------------+-------+-------+-------+-------+-------+-------++-------
Melee: Unarmed           |    24 |       |       |       |       |       ||    24
       Flail             |     6 |       |       |       |       |       ||     6
       Quarterstaff      |    12 |       |       |       |       |       ||    12
       Spear             |    45 |    66 |       |       |       |       ||   111
       Kick              |     8 |    28 |    53 |    58 |       |       ||   147
       Short sword       |       |     8 |       |       |       |       ||     8
       Dagger            |       |    24 |    79 |       |       |       ||   103
       Rapier            |       |       |   102 |   290 |   638 |    97 ||  1127
       Punch             |       |       |     1 |       |       |       ||     1
Throw: Boomerang         |       |       |     8 |       |       |       ||     8
       Dart              |       |       |       |     4 |       |       ||     4
       Throwing net      |       |       |       |       |       |     1 ||     1
 Cast: Summon Small Mamm |    29 |    39 |    58 |    93 |   172 |    14 ||   405
       Call Imp          |     5 |    26 |    48 |    83 |   151 |    13 ||   326
       Call Canine Famil |       |     2 |    25 |    34 |    96 |     7 ||   164
       Summon Guardian G |       |       |       |     4 |    52 |     7 ||    63
       Summon Lightning  |       |       |       |       |    26 |     5 ||    31
       Apportation       |       |       |       |       |     1 |       ||     1
Invok: Shadow Step       |       |       |       |     1 |       |       ||     1
       Shadow Form       |       |       |       |       |     1 |       ||     1
Evoke: Wand              |       |       |       |     1 |       |       ||     1
       Phantom mirror    |       |       |       |       |       |     1 ||     1
  Use: Scroll            |       |     5 |     6 |     9 |    12 |     3 ||    35
       Potion            |       |       |       |       |     4 |     9 ||    13
 Stab: Sleeping          |     5 |     7 |     6 |    15 |    46 |     5 ||    84
       Distracted        |     1 |     2 |     3 |     9 |    11 |     3 ||    29
       Paralysed         |       |    14 |    43 |    93 |    95 |     9 ||   254
       Invisible         |       |       |       |       |     3 |       ||     3
Armor: Robe              |    27 |    12 |       |       |       |       ||    39
       Leather armour    |       |     1 |    33 |       |       |       ||    34
       Steam dragon scal |       |       |    35 |    22 |       |       ||    57
       Troll leather arm |       |       |       |   105 |   217 |    46 ||   368
       Ring mail         |       |       |       |       |     4 |       ||     4
Dodge: Dodged            |    80 |    62 |   135 |   222 |   460 |    56 ||  1015
Block: Buckler           |       |       |       |    60 |   122 |       ||   182
       Kite shield       |       |       |       |       |   167 |    55 ||   222
